 Dungeon Crawl Stone Soup version 0.21.1-1-g345015f (webtiles) character file.

450 vatarom the Gusty (level 6, 0/52 HPs)
             Began as a Draconian Air Elementalist on Mar 6, 2018.
             Slain by kaesh's ghost (10 damage)
             ... on level 4 of the Dungeon.
             The game lasted 00:13:32 (3886 turns).

vatarom the Gusty (Draconian Air Elementalist)      Turns: 3886, Time: 00:13:33

Health: 0/52       AC:  8    Str: 10    XL:     6   Next: 74%
Magic:  4/10       EV: 12    Int: 18    God:
Gold:   116        SH:  0    Dex: 11    Spells: 1/11 levels left

rFire    . . .     SeeInvis +   i - +0 great sword (curse)
rCold    . . .     Gourm    .   (shield currently unavailable)
rNeg     . . .     Faith    .   (armour unavailable)
rPois    .         Spirit   .   (helmet restricted)
rElec    .         Reflect  .   (no cloak)
rCorr    .         Harm     .   f - +1 pair of gloves (curse)
MR       .....                  (no boots)
Stlth    ++........             (no amulet)
HPRegen  0.17/turn              h - ring of see invisible
MPRegen  0.12/turn              (no ring)

@: no status effects
A: unfitting armour, cold-blooded, AC +6
a: no special abilities


You were on level 4 of the Dungeon.
You were very hungry.

You visited 1 branch of the dungeon, and saw 4 of its levels.
You also visited: Sewer.

You collected 116 gold pieces.

Inventory:

Hand Weapons
 c - a +1 spear
 i - a cursed +0 great sword (weapon)
Armour
 f - a cursed +1 pair of gloves (worn)
Jewellery
 h - a ring of see invisible (left hand)
 j - a cursed -3 ring of slaying {unknown}
Wands
 g - a wand of disintegration (23)
Scrolls
 d - a scroll of enchant weapon
Potions
 e - 2 potions of cancellation
Books
 a - a book of Air

   Spells                             Type                      Level
   a - Shock                          Conjuration/Air              1
   b - Swiftness                      Charms/Air                   2
   c - Static Discharge               Conjuration/Air              3
   d - Airstrike                      Air                          4
   e - Lightning Bolt                 Conjuration/Air              5
Comestibles
 b - 3 rations


   Skills:
 * Level 3.9 Fighting
 - Level 1.7 Dodging
 - Level 1.7 Stealth
 + Level 3.3 Spellcasting
 + Level 3.2 Conjurations
 * Level 5.0 Air Magic


You had one spell level left.
You knew the following spells:

 Your Spells              Type           Power        Failure   Level  Hunger
a - Shock                 Conj/Air       ###.         3%          1    None
b - Swiftness             Chrm/Air       ##......     9%          2    ##.....
c - Static Discharge      Conj/Air       ###.....     9%          3    ###....
d - Airstrike             Air            ###.......   21%         4    ####...


Dungeon Overview and Level Annotations

Branches:
Dungeon (4/15)
 Temple: D:4-7

Altars:
Fedhas
Qazlal
Ru

Annotations:
D:4 kaesh's ghost, amateur MiFi


Innate Abilities, Weirdness & Mutations

Your plain brown scales are hard. (AC +6)
You cannot fit into any form of body armour.
You are cold-blooded and may be slowed by cold attacks.


Message History

Aiming: Shock
Press: ? - help, Shift-Dir - straight line The zap hits kaesh's ghost.
Kaesh's ghost appears unharmed.
Kaesh's ghost is moderately damaged.
The zap hits kaesh's ghost.
Kaesh's ghost appears unharmed.
Kaesh's ghost is moderately damaged.
Kaesh's ghost hits you but does no damage.
Casting: Shock
Confirm with . or Enter, or press ? or * to list all spells.
Aiming: Shock
Press: ? - help, Shift-Dir - straight line The zap hits kaesh's ghost.
Kaesh's ghost is moderately damaged.
The zap hits kaesh's ghost.
Kaesh's ghost appears unharmed.
Kaesh's ghost is moderately damaged.
Kaesh's ghost hits you!
* * * LOW HITPOINT WARNING * * *
There is an escape hatch in the ceiling here.
Kaesh's ghost hits you!
You die...

#.##'###.#.......####..#####...
..##.# #.#.####.###..).# ####
......# ..#...##.###....#
...... .#.###.##........#
...... .....<.####....###
##'### ..... #........### $ ..
.....##.##..#....# .. ..
.##......#.....### #$. #
........@..##### .##
..#######W#.##
............#####
###.######......# ##.....#
#.....######### #.............#
###.............# ##
#.'.............#


You could see kaesh's ghost.

Vanquished Creatures
  An ogre (D:4)
  2 bullfrogs (Sewer)
  2 worker ants (D:4)
  Robin (D:4)
  A howler monkey skeleton (D:4)
  6 adders
  An adder skeleton (D:3)
  2 worms (D:2)
  3 dart slugs
  5 leopard geckos
  5 orcs
  5 ball pythons
  6 bats
  7 giant cockroaches
  9 goblins
  13 hobgoblins
  8 jackals
  6 kobolds
  12 frilled lizards
  8 rats
103 creatures vanquished.

Notes
Turn   | Place    | Note
-------+----------+-------------------------------------------
     0 | D:1      | vatarom the Draconian Air Elementalist began the quest for the Orb.
     0 | D:1      | Reached XP level 1. HP: 14/14 MP: 3/3
   210 | D:1      | Reached XP level 2. HP: 8/22 MP: 0/5
   480 | D:1      | Learned a level 2 spell: Swiftness
  1016 | D:2      | Reached skill level 1 in Fighting
  1109 | D:2      | Reached XP level 3. HP: 28/28 MP: 0/6
  1721 | D:3      | Found a glowing drain.
  1726 | Sewer    | Entered a sewer
  1731 | Sewer    | Learned a level 3 spell: Static Discharge
  1761 | Sewer    | Reached XP level 4. HP: 27/36 MP: 0/7
  2176 | Sewer    | Noticed a bullfrog
  2178 | Sewer    | Noticed a bullfrog
  2182 | Sewer    | Killed a bullfrog
  2182 | Sewer    | Reached skill level 4 in Air Magic
  2182 | Sewer    | Reached XP level 5. HP: 42/42 MP: 2/9
  2568 | D:3      | Found a sacrificial altar of Ru.
  2595 | D:3      | Found a stormy altar of Qazlal.
  2952 | D:4      | Reached XP level 6. HP: 43/51 MP: 3/10
  2985 | D:4      | Learned a level 4 spell: Airstrike
  3156 | D:4      | Found a blossoming altar of Fedhas.
  3157 | D:4      | Noticed Robin
  3169 | D:4      | Killed Robin
  3244 | D:4      | Noticed kaesh's ghost (amateur MiFi)
  3860 | D:4      | Reached skill level 5 in Air Magic
  3886 | D:4      | Slain by kaesh's ghost

Skill      XL: |  1  2  3  4  5  6 |
---------------+-------------------+-----
Fighting       | 1 2 3 |  3.9
Conjurations   | 2 3 |  3.2
Air Magic      | 4 5 |  5.0
Spellcasting   | 3 |  3.3
Dodging        | |  1.7
Stealth        | |  1.7

Action                   |  1- 3 |  4- 6 || total
-------------------------+-------+-------++-------
Melee: Unarmed           |    19 |       ||    19
       Tailslap          |     7 |     7 ||    14
       Spear             |   101 |    85 ||   186
       Club              |     6 |       ||     6
       Great sword       |       |    18 ||    18
 Cast: Shock             |    37 |    50 ||    87
       Static Discharge  |     1 |     9 ||    10
       Airstrike         |       |     2 ||     2
Evoke: Wand              |       |     2 ||     2
  Use: Scroll            |     2 |    12 ||    14
       Potion            |     1 |     2 ||     3
 Stab: Sleeping          |     7 |     2 ||     9
  Eat: Chunk             |     3 |     5 ||     8
       Ration            |       |     1 ||     1
Armor: Skin              |    42 |    43 ||    85
Dodge: Dodged            |    78 |    88 ||   166
       Rpst.: Great sword |       |     5 ||     5
